 Dungeon Crawl Stone Soup version 0.31.0-11-ge490571c62 (webtiles) character file.

Game seed: 10427082750884548466

3609 nightchill the Spear-Bearer (level 9, 0/77 HPs)
             Began as a Minotaur Fighter on Jan 26, 2024.
             Was a Follower of Hepliaklqana.
             Slain by Erica
             ... wielding a +2 scimitar of flaming
              (8 damage)
             ... on level 8 of the Dungeon.
             The game lasted 00:14:18 (7911 turns).

nightchill the Spear-Bearer (Minotaur Fighter)      Turns: 7911, Time: 00:14:19

Health: 0/77       AC: 14    Str: 26    XL:     9   Next: 86%
Magic:  8/8        EV:  9    Int:  5    God:    Hepliaklqana [*.....]
Gold:   490        SH:  0    Dex:  9    Spells: 8/8 levels left

rFire   . . .        n - +0 halberd (flame)
rCold   . . .        (shield currently unavailable)
rNeg    . . .        l - +0 plate armour
rPois   .            (helmet restricted)
rElec   .            j - +2 cloak
rCorr   .            (no gloves)
SInv    .            (no boots)
Will    +....        (no amulet) Stlth
                     m - ring of willpower
HPRegen 0.32/turn    x - +5 ring of evasion
MPRegen 0.11/turn

%: no passive effects
@: mighty, lethally poisoned (0 -> -6), constricted
A: reduced essence, horns 2, retaliatory headbutt
a: Renounce Religion, Recall Ancestor, Ancestor Identity


You were on level 8 of the Dungeon.
You worshipped Hepliaklqana.
Hepliaklqana was aware of your devotion.
You visited 2 branches of the dungeon, and saw 10 of its levels.

You collected 490 gold pieces.

Inventory:

Hand Weapons
 a - a +0 trident
 n - a +0 halberd of flaming (weapon)
 C - a +4 halberd
Armour
 c - a +0 buckler
 j - a +2 cloak (worn)
 k - an orb of energy
 l - a +0 plate armour (worn)
Jewellery
 m - a ring of willpower (left hand)
 w - a ring of protection from fire
 x - a +5 ring of evasion (right hand)
Wands
 s - a wand of flame (24)
 B - a wand of charming (14)
Scrolls
 b - 2 scrolls of butterflies {unknown}
 g - a scroll of brand weapon {unknown}
 h - 3 scrolls of enchant armour {unknown}
 i - 2 scrolls of silence {unknown}
 r - 3 scrolls of torment {unknown}
 t - a scroll of fog {unknown}
 u - a scroll of poison {unknown}
 y - a scroll of blinking {unknown}
 A - 2 scrolls of identify
 D - 3 scrolls of vulnerability {unknown}
 G - a scroll of revelation
 I - a scroll of enchant weapon {unknown}
Potions
 d - 2 potions of might
 e - 2 potions of lignification
 f - a potion of attraction
 o - 2 potions of berserk rage
 p - 4 potions of curing
 q - a potion of cancellation
 v - a potion of mutation
 z - a potion of enlightenment
 E - 2 potions of magic {unknown}
 F - 2 potions of heal wounds
 H - a potion of invisibility


   Skills:
 + Level 10.5 Fighting
 * Level 13.8 Polearms
 - Level 3.6 Armour
 - Level 3.6 Shields


You had 8 spell levels left.
You didn't know any spells.
Your spell library contained the following spells:

 Spells                   Type           Power      Damage    Failure   Level
 Kiss of Death            Conj/Necr      0%         2d5       100%        1
 Sting                    Conj/Alch      0%         1d3       100%        1
 Cigotuvi's Dreadful Rot  Necr/Alch/Air  0%         N/A       100%        2
 Mercury Vapours          Alch/Air       0%         N/A       100%        2
 Confusing Touch          Hex            0%         N/A       100%        3
 Ozocubu's Armour         Ice            0%         N/A       100%        3
 Dispel Undead            Necr           0%         3d6       100%        4
 Ignite Poison            Fire/Alch      0%         N/A       100%        4
 Olgreb's Toxic Radiance  Alch           0%         N/A       100%        4
 Freezing Cloud           Conj/Ice/Air   0%         6-21      100%        5
 Metabolic Englaciation   Hex/Ice        0%         N/A       100%        5
 Sculpt Simulacrum        Ice/Alch       0%         N/A       100%        6


Dungeon Overview and Level Annotations

Branches:
Dungeon (9/15)             Temple (1/1) D:7            Lair (0/5) D:8
    Orc: D:9-12

Altars:
Ashenzari
Cheibriados
Dithmenos
Elyvilon
Fedhas
Gozag
Hepliaklqana
Kikubaaqudgha
Makhleb
Nemelex Xobeh
Okawaru
Qazlal
Ru
Sif Muna
Trog
Uskayaw
Vehumet
Wu Jian
Xom
Yredelemnul
Zin

Shops:
D:8 *

Annotations:
D:3 exclusion: downstairs
D:4 3 runed translucent doors, no0bjke's ghost, amateur GrFi
D:6 exclusion: door
D:8 Erica
D:9 Gastronok; Maurice


Innate Abilities, Weirdness & Mutations

Your life essence is reduced to manifest your ancestor. (-10% HP)
You have a pair of horns on your head.
You reflexively headbutt those who attack you in melee.


Message History

You destroy the wight!
JImmeh closely misses Erica.
JImmeh hits Erica.
Erica screams, "Hurry, death AWAITS you!"
Erica casts a spell at you. The bolt of poison misses you.
Gastronok waves his eye-stalks in wide circles.
The air twists around and strikes you!!
* * * LOW HITPOINT WARNING * * *
You climb upwards.
There is a stone staircase leading down here.
You puncture Erica! You burn Erica. You headbutt Erica.
Erica is moderately wounded.
Erica stares at you and mumbles some strange words.
The bolt of poison hits you!!
You are poisoned.
* * * LOW HITPOINT WARNING * * *
You feel much better.
You feel very sick. Erica barely misses you. Erica grabs you.
Erica constricts you.
You feel very mighty all of a sudden.
You feel very sick.
Erica hits you with a +2 scimitar of flaming!
* * * LOW HITPOINT WARNING * * *
Erica burns you.
* * * LOW HITPOINT WARNING * * *
Erica constricts you.
You slice Erica!! You burn Erica!
Erica is severely wounded.
* * * LOW HITPOINT WARNING * * *
You feel very sick. Erica hits you but does no damage. Erica constricts you.
* * * LOW HITPOINT WARNING * * *
You hit Erica. You burn Erica. Your headbutt misses Erica.
Erica is almost dead.
* * * LOW HITPOINT WARNING * * *
You feel sick.
Erica hits you with a +2 scimitar of flaming!
You die...
Erica begins burbling mirthfully and uncontrollably.

...#.).).......#....#.....#......
...+...).......#....#.....#......
#####..........#....##'####......
....#..........#....#............
....########...#....#.<....<.....
....#.....##...'....#....))....##
....#.....#....#....#....).....##
....#.....##...###'###...##....##
####......##...#@x...######)...##
#.###'###..(#.....# #...)...
#.......#...#.....# #.....##
#.......#...#.....# #.....##
#.......#...#.....# #.......
####.......#####.....# #.......
................###### ###'####
................# #......#
....#######.....# #......#


You could see Erica.

Vanquished Creatures
  A cyclops (D:8)
  A komodo dragon (D:8)
  A basilisk (D:8)
  A steam dragon (D:7)
  2 water moccasins (D:6)
  An orc warrior (D:8)
  An ice beast (D:6)
  2 black bears
  2 centaurs
  2 ogres
  A phantom (D:6)
  13 wights
  A jelly (D:4)
  A bombardier beetle (D:5)
  6 hounds
  3 orc priests
  2 gnoll boudas
  3 iguanas
  4 sleepcaps
  6 orc wizards
  10 adders
  10 gnolls
  3 shadow imps
  An ufetubus (D:6)
  A dart slug (D:4)
  2 ribbon worms
  18 orcs
  6 bats
  2 endoplasms
  A giant cockroach (D:1)
  3 goblins
  5 hobgoblins
  9 kobolds
  8 quokkas
  5 ball pythons
  5 frilled lizards
  3 rats
146 creatures vanquished.

Vanquished Creatures (collateral kills)
  A bullfrog (D:9)
  An orc (D:8)
2 creatures vanquished.

Vanquished Creatures (others)
  An ancestor (D:8)
1 creature vanquished.

Grand Total: 149 creatures vanquished

Notes
Turn   | Place    | Note
-------+----------+-------------------------------------------
     0 | D:1      | nightchill the Minotaur Fighter began the quest for the
                  | Orb.
     0 | D:1      | Reached XP level 1. HP: 19/19 MP: 0/0
    65 | D:1      | Reached skill level 3 in Polearms
    75 | D:1      | Reached XP level 2. HP: 22/27 MP: 1/1
   979 | D:2      | Found a radiant altar of Vehumet.
  1222 | D:2      | Reached XP level 3. HP: 33/33 MP: 2/2
  1601 | D:3      | Reached skill level 4 in Polearms
  1625 | D:3      | Reached XP level 4. HP: 41/41 MP: 3/3
  1753 | D:3      | Identified the +7 spear "Xirar" {vamp, *Noise rC+ Int+4
                  | Stlth+}
  1946 | D:3      | Found a faded altar of an unknown god.
  1995 | D:3      | Reached skill level 5 in Polearms
  2066 | D:3      | Reached skill level 5 in Fighting
  2066 | D:3      | Reached XP level 5. HP: 48/48 MP: 4/4
  2605 | D:4      | Reached skill level 6 in Polearms
  2725 | D:4      | Noticed a black bear
  2731 | D:4      | Killed a black bear
  2732 | D:4      | Reached XP level 6. HP: 57/57 MP: 5/5
  2863 | D:4      | Reached skill level 7 in Polearms
  2929 | D:4      | Found a runed translucent gate.
  2930 | D:4      | Found a runed translucent gate.
  2931 | D:4      | Found a runed translucent gate.
  2931 | D:4      | Found an opulent altar of Gozag.
  2933 | D:4      | Noticed a two-headed ogre
  2933 | D:4      | Noticed no0bjke's ghost (amateur GrFi)
  3247 | D:5      | Entered Level 5 of the Dungeon
  3356 | D:5      | Reached XP level 7. HP: 64/64 MP: 6/6
  3585 | D:5      | Reached skill level 8 in Polearms
  4112 | D:5      | Reached skill level 9 in Polearms
  4525 | D:6      | Reached XP level 8. HP: 56/73 MP: 7/7
  4938 | D:6      | Reached skill level 10 in Polearms
  5288 | D:6      | Reached skill level 11 in Polearms
  5999 | D:7      | Reached XP level 9. HP: 83/83 MP: 8/8
  6209 | D:7      | Found a staircase to the Ecumenical Temple.
  6278 | Temple   | Entered the Ecumenical Temple
  6310 | Temple   | Became a worshipper of Hepliaklqana the Forgotten
  6851 | D:8      | Found Sokism's Assorted Antiques.
  6899 | D:8      | Reached skill level 12 in Polearms
  7199 | D:8      | Reached * piety under Hepliaklqana
  7207 | D:8      | Noticed a cyclops
  7216 | D:8      | Killed a cyclops
  7363 | D:8      | Reached skill level 10 in Fighting
  7363 | D:8      | Reached skill level 13 in Polearms
  7438 | D:8      | Found a staircase to the Lair.
  7445 | D:8      | Noticed a komodo dragon
  7450 | D:8      | Killed a komodo dragon
  7885 | D:9      | Noticed Gastronok
  7888 | D:9      | Noticed Maurice
  7894 | D:9      | Noticed Erica
  7911 | D:8      | Slain by Erica

Illustrated notes

Levels and vault maps discovered:
D:1:      minmay_arrival_radiant_lines, layout_basic, minmay_misc_feat_rugged,
          roderic_nine_men_s_morris, minmay_small_reverse_x
D:2:      layout_basic, basic_altar
D:3:      layout_loops_ring, chequers_ecumenical_altar_lobes
D:4:      kennysheep_six_static_rooms, layout_cave_pools, ebering_ghost_gozag
D:5:      layout_layer_cave
D:6:      layout_layer_cave, minmay_misc_feat_alley, grunt_tough_drop
D:7:      layout_basic, minmay_temple_entry_trees
D:8:      layout_gridville, david_lair_shrubbed, serial_shops,
          nicolae_shop_crystal
D:9:      layout_cross, tso_metal_star, serial_shops, kennysheep_little_box,
          uniq_erolcha, uniq_erica, uniq_maurice, uniq_gastronok, uniq_psyche
Temple:   mainiacjoe_temple_cubbyholes

Skill      XL: |  1  2  3  4  5  6  7  8  9 |
---------------+----------------------------+-----
Polearms       | 3 4 5 6 7 9 11 13 | 13.8
Fighting       | 4 5 6 7 9 10 | 10.5
Armour         | |  3.6
Shields        | |  3.6

Action                     |  1- 3 |  4- 6 |  7- 9 || total
---------------------------+-------+-------+-------++-------
  Melee: Trident           |    68 |    17 |       ||    85
         Headbutt          |     6 |    15 |    33 ||    54
         Spear             |       |   102 |       ||   102
         Halberd           |       |    10 |   247 ||   257
 Invoke: Ancestor Identity |       |       |     1 ||     1
    Use: Scroll            |       |       |    12 ||    12
         Potion            |       |       |     2 ||     2
 Armour: Scale mail        |     9 |       |       ||     9
         Plate armour      |    30 |    50 |   143 ||   223
  Dodge: Dodged            |    18 |    41 |    89 ||   148
  Block: Buckler           |    10 |    18 |       ||    28
